 Dungeon Crawl Stone Soup version 0.27-a0-1291-geefcff550b (webtiles) character file.

Game seed: 3823887278341667858

658 avis the Chiller (level 7, 0/36 HPs)
             Began as a Deep Elf Ice Elementalist on June 15, 2021.
             Was an Initiate of Gozag.
             Slain by a wyvern (14 damage)
             ... on level 5 of the Dungeon on June 16, 2021.
             The game lasted 00:38:21 (4909 turns).

avis the Chiller (Deep Elf Ice Elementalist)        Turns: 4909, Time: 00:38:23

Health: 0/36       AC: 21    Str:  5    XL:     7   Next: 30%
Magic:  15/18      EV: 12    Int: 22    God:    Gozag
Gold:   412        SH:  5    Dex: 15    Spells: 2/18 levels left

rFire    . . .     SeeInvis .   b - +2 flail (protect)
rCold    . . .     Faith    .   (no shield)
rNeg     . . .     Spirit   .   D - +0 leather armour
rPois    .         Reflect  +   C - +0 helmet
rElec    .         Harm     .   (no cloak)
rCorr    .         Rampage  .   (no gloves)
Will     .....                  B - +0 pair of boots
Stlth    +++.......             x - amulet of reflection
HPRegen  0.12/turn              n - +4 ring of protection
MPRegen  0.16/turn              (no ring)

@: ice-armoured, under a protective aura
A: no striking features
a: Renounce Religion, Potion Petition, Call Merchant, Bribe Branch


You were on level 5 of the Dungeon.
You worshipped Gozag.
Gozag was aware of your devotion.
You visited 1 branch of the dungeon, and saw 5 of its levels.

You collected 445 gold pieces.
You paid 33 gold pieces to Gozag.

Inventory:

Hand Weapons
 a - a +1 vorpal shortbow
 b - a +2 flail of protection (weapon)
 f - a +3 flail
 q - a +0 short sword
 s - a +0 hunting sling
 w - a +0 dagger of venom
Missiles
 i - 61 sling bullets
 j - 52 arrows
 k - 54 bolts
 o - 130 stones
 E - a throwing net
 F - 13 boomerangs
Armour
 h - a +0 ring mail
 l - a +0 robe
 B - a +0 pair of boots (worn)
 C - a +0 helmet (worn)
 D - a +0 leather armour (worn)
Jewellery
 n - a +4 ring of protection (left hand)
 x - an amulet of reflection (around neck)
 M - a ring of poison resistance
Scrolls
 g - a scroll of teleportation {unknown}
 p - a scroll of fear {unknown}
 t - 2 scrolls of vulnerability {unknown}
 u - a scroll of enchant armour {unknown}
 y - a scroll of holy word {unknown}
 I - a scroll of blinking {unknown}
 J - a scroll of identify
 K - a scroll of immolation {unknown}
 L - a scroll of magic mapping {unknown}
Potions
 c - 2 potions of might
 d - 2 potions of brilliance
 e - a potion of mutation
 m - a potion of cancellation
 r - a potion of heal wounds
 v - a potion of lignification {unknown}
 z - a potion of resistance {unknown}
 A - a potion of haste {unknown}
 G - a potion of magic {unknown}
 H - a potion of berserk rage {unknown}


   Skills:
 - Level 0.3 Short Blades
 - Level 0.3 Maces & Flails
 + Level 4.5 Dodging
 - Level 5.0 Stealth
 + Level 6.2 Spellcasting
 + Level 1.0 Conjurations
 + Level 1.2 Hexes
 + Level 6.5 Ice Magic


You had 2 spell levels left.
You knew the following spells:

 Your Spells              Type           Power      Damage    Failure   Level
a - Freeze                Ice            100%       1d11      1%          1
o - Ozocubu's Armour      Ice            35%        N/A       3%          3
r - Frozen Ramparts       Ice            70%        1d9       3%          3
s - Hailstorm             Conj/Ice       23%        3d7       30%         4
z - Metabolic Englaciati  Hex/Ice        11%        N/A       63%         5

Your spell library contained the following spells:

 Spells                   Type           Power      Damage    Failure   Level


Dungeon Overview and Level Annotations

Branches:
Dungeon (5/15)
 Temple: D:4-7

Altars:
Gozag
Uskayaw


Message History

The wyvern bites you but does no damage.
You barely miss the wyvern.
The wyvern is lightly wounded.
The wyvern bites you.
The wyvern bites you but does no damage.
You hit the wyvern but do no damage.
Your weapon exudes an aura of protection.
The wyvern barely misses you. You block the wyvern's attack.
You barely miss the wyvern. You block the wyvern's attack.
The wyvern barely misses you.
You barely miss the wyvern. You block the wyvern's attack. x2
You hit the wyvern.
Your weapon exudes an aura of protection.
The wyvern is lightly wounded.
You block the wyvern's attack. The wyvern bites you!
You hit the wyvern.
The wyvern is lightly wounded.
The wyvern misses you. The wyvern bites you!
You barely miss the wyvern.
The wyvern is lightly wounded.
The wyvern bites you but does no damage.
You block the wyvern's attack.
Casting: Ozocubu's Armour (dangerous; 3% risk of failure)
Confirm with . or Enter, or press ? or * to list all spells.
Aiming: Freeze (safe; 1% risk of failure)
Press: ? - help, Shift-Dir - straight line, f/p - wyvern
Aim: a wyvern (lightly wounded)
You freeze the wyvern.
The wyvern is moderately wounded.
The wyvern closely misses you. x2
Casting: Freeze (safe; 1% risk of failure)
Confirm with . or Enter, or press ? or * to list all spells.
Aiming: Freeze (safe; 1% risk of failure)
Press: ? - help, Shift-Dir - straight line, f/p - wyvern
Aim: a wyvern (moderately wounded)
You freeze the wyvern!
The wyvern is severely wounded.
The wyvern bites you!
You die...
Your body crumbles into a pile of gold.

..... ...
#....####..# .
#.....#....##.#
##.......=...#.# .
#..............# ..
...............#...
......>...........#
.......@l(..(...!..
$
..#................
#####....<.......
##...........
#............
..........#....
#....#...## #..
..###.##... . .. ..
.....


You could see a wyvern.

Vanquished Creatures
  2 black bears (D:4)
  A necrophage (D:4)
  A phantom (D:3)
  Jessica (D:3)
  Robin (D:3)
  11 gnolls
  9 adders
  2 adder skeletons (D:4)
  9 orcs
  8 endoplasms
  4 giant cockroaches
  11 goblins
  9 hobgoblins
  3 jackals (D:3)
  6 quokkas
  5 ball pythons
  3 bats
  2 frilled lizards
  2 kobolds
  3 rats
93 creatures vanquished.

Notes
Turn   | Place    | Note
-------+----------+-------------------------------------------
     0 | D:1      | avis the Deep Elf Ice Elementalist began the quest for the
                  | Orb.
     0 | D:1      | Reached XP level 1. HP: 10/10 MP: 6/6
   111 | D:1      | Reached XP level 2. HP: 15/15 MP: 5/8
   566 | D:1      | Found a faded altar of an unknown god.
  1140 | D:1      | Reached XP level 3. HP: 19/19 MP: 7/10
  1167 | D:1      | Learned a level 3 spell: Frozen Ramparts
  1171 | D:1      | Learned a level 3 spell: Ozocubu's Armour
  1275 | D:2      | Reached skill level 5 in Ice Magic
  1655 | D:2      | Reached XP level 4. HP: 22/24 MP: 10/12
  1683 | D:2      | Learned a level 4 spell: Hailstorm
  2140 | D:3      | Reached XP level 5. HP: 28/28 MP: 3/14
  2538 | D:3      | Found an opulent altar of Gozag.
  2549 | D:3      | Became a worshipper of Gozag Ym Sagoz the Greedy
  2609 | D:3      | Reached skill level 5 in Spellcasting
  2682 | D:3      | Noticed Jessica
  2687 | D:3      | Killed Jessica
  2923 | D:3      | Noticed Robin
  2927 | D:3      | Killed Robin
  3260 | D:4      | Noticed a black bear
  3268 | D:4      | Killed a black bear
  3269 | D:4      | Reached XP level 6. HP: 29/32 MP: 5/16
  3777 | D:3      | Learned a level 5 spell: Metabolic Englaciation
  4245 | D:4      | Reached XP level 7. HP: 36/36 MP: 13/17
  4324 | D:4      | Reached skill level 5 in Stealth
  4374 | D:4      | Reached skill level 1 in Hexes
  4533 | D:4      | Reached skill level 1 in Conjurations
  4817 | D:4      | Found a hide-covered altar of Uskayaw.
  4890 | D:5      | Entered Level 5 of the Dungeon
  4895 | D:5      | Noticed a wyvern
  4909 | D:5      | Slain by a wyvern

Illustrated notes

Levels and vault maps discovered:
D:1:      dpeg_arrival_rooms_c, layout_loops_ring, basic_ecumenical_altar
D:2:      layout_rooms, supply_closet_lemuel, chequers_serial_rivers_micro_a
D:3:      layout_basic, overflow_temple_1_default, kennysheep_generic_room_15,
          uniq_robin, uniq_jessica
D:4:      layout_rooms, nicolae_overflow_hidden_temple, grunt_ministairs_8
D:5:      layout_cave_pools, lemuel_doored_altar,
          lemuel_zombie_altar_yredelemnul, minmay_temple_entry_trees

Skill      XL: |  1  2  3  4  5  6  7 |
---------------+----------------------+-----
Stealth        | 3 4 5 |  5.0
Ice Magic      | 5 6 |  6.5
Spellcasting   | 4 5 6 |  6.2
Dodging        | 3 4 |  4.5
Hexes          | 1 |  1.2
Conjurations   | 1 |  1.0
Short Blades   | |  0.3
Maces & Flails | |  0.3

Action                   |  1- 3 |  4- 6 |  7- 9 || total
-------------------------+-------+-------+-------++-------
Melee: Short sword       |     7 |       |       ||     7
       Flail             |     4 |    42 |    15 ||    61
 Fire: Shortbow          |    23 |    43 |    31 ||    97
 Cast: Freeze            |    29 |    23 |     5 ||    57
       Frozen Ramparts   |       |    16 |     3 ||    19
       Ozocubu's Armour  |       |     1 |     2 ||     3
  Use: Scroll            |       |     5 |       ||     5
 Stab: Distracted        |     1 |       |       ||     1
       Sleeping          |     6 |     3 |       ||     9
Armor: Robe              |     7 |     2 |       ||     9
       Leather armour    |       |    21 |    10 ||    31
Dodge: Dodged            |    21 |    36 |     8 ||    65
Block: Other             |       |     9 |     8 ||    17

Table legend: (Time is in decaauts)
 A = Elapsed time spent in this place.
 B = Non-inter-level travel time spent in this place.
 C = Inter-level travel time spent in this place.
 D = Time resting spent in this place.
 E = Time spent auto-exploring this place.
 F = Levels seen in this place.
 G = Mean time per level.
                   A        B        C        D        E       F      G
               +--------+--------+--------+--------+--------+-----+--------+
         Total |   4947 |   4616 |    331 |   1577 |   1665 |   5 |  989.4 |
       Dungeon |   4947 |   4616 |    331 |   1577 |   1665 |   5 |  989.4 |
               +--------+--------+--------+--------+--------+-----+--------+

Top non-repeatable levels by time:
     D:3: 1696 daAuts
     D:1: 1358 daAuts
     D:4: 1097 daAuts
     D:2: 773 daAuts
     D:5: 21 daAuts
